[Event "Titled Tuesday Blitz April 4 Early 2023"]
[White "Mikhaylova, Irina"]
[Black "Hartikainen, Jarmo"]
[WhiteFideId "4109040"]
[BlackFideId "503134"]
[WhiteElo "1975"]
[BlackElo "2079"]
[Result "1-0"]
[Round "09"]
[TimeControl "180+2"]
[Date "2023.04.04"]
[WhiteClock "0:00:20"]
[BlackClock "0:00:06"]

1. d4 Nf6 2. Nf3 d5 3. c4 c6 4. cxd5 cxd5 5. Nc3 Nc6 6. Bf4 Bf5 7. e3 e6 8. Qb3 Qc8 9. Bb5 Be7 10. O-O O-O 11. Bxc6 bxc6 12. Rfc1 c5 13. dxc5 Qxc5 14. Na4 Qb4 15. Qxb4 Bxb4 16. a3 Ba5 17. b4 Bb6 18. Bc7 Bxc7 19. Rxc7 Rfc8 20. Rac1 Rxc7 21. Rxc7 Bd3 22. Ne5 Bb5 23. Nc3 Ne8 24. Rc5 Ba6 25. h3 f6 26. Nc6 Bb7 27. b5 a6 28. b6 Rb8 29. a4 Rc8 30. Ne7+ Kf7 31. Nxc8 Bxc8 32. Rxc8 Nd6 33. b7 Nxb7 34. Rc7+ Kg6 35. Rxb7 1-0


[Site "https://www.chess.com"]

[Event "Titled Tuesday Blitz April 4 Early 2023"]
[White "Pesotskiy, Mikhail"]
[Black "Dahlgren, James Allen"]
[WhiteFideId "34164453"]
[BlackFideId "22256873"]
[WhiteElo "2131"]
[BlackElo "2183"]
[Result "1-0"]
[Round "09"]
[TimeControl "180+2"]
[Date "2023.04.04"]
[WhiteClock "0:01:20"]
[BlackClock "0:01:13"]

1. d4 e6 2. c4 c5 3. d5 Nf6 4. Nc3 d6 5. e4 exd5 6. exd5 g6 7. Bd3 Bg7 8. Nge2 O-O 9. O-O Re8 10. f4 a6 11. h3 Nbd7 12. a4 h6 13. Kh2 Nf8 14. Ng3 Bd7 15. Bd2 Qb6 16. Qc2 Re7 17. a5 Qc7 18. Na4 Rae8 19. Nb6 h5 20. Rae1 h4 21. Nh1 N8h7 22. f5 g5 23. g4 hxg3+ 24. Nxg3 g4 25. Qc1 Rxe1 26. Rxe1 Rxe1 27. Qxe1 Qd8 28. Qe3 Qe8 29. Qxe8+ Bxe8 30. Bf4 gxh3 31. Kxh3 Nh5 32. Nxh5 Bxb2 33. Bxd6 1-0


[Site "https://www.chess.com"]

[Event "Titled Tuesday Blitz April 4 Early 2023"]
[White "Ward, Ieuan C"]
[Black "Svicevic, Rastko"]
[WhiteFideId "406627"]
[BlackFideId "916315"]
[WhiteElo "2282"]
[BlackElo "2071"]
[Result "0-1"]
[Round "09"]
[TimeControl "180+2"]
[Date "2023.04.04"]
[WhiteClock "0:01:49"]
[BlackClock "0:01:42"]

1. d4 c6 2. e4 d5 3. Nc3 dxe4 4. Nxe4 Nf6 5. Nxf6+ exf6 6. Nf3 Bd6 7. Bd3 O-O 8. O-O Bg4 9. Be3 Nd7 10. h3 Bh5 11. c3 Qc7 12. Re1 Rfe8 13. g4 Bg6 14. Bxg6 hxg6 15. Qd2 f5 16. Qd3 fxg4 17. hxg4 Nf6 18. g5 Nh5 19. c4 Bf4 20. d5 Qd7 21. Nh2 Qh3 0-1


[Site "https://www.chess.com"]

[Event "Titled Tuesday Blitz April 4 Early 2023"]
[White "Simonovic, Miroslav"]
[Black "Lwanga, Aguda"]
[WhiteFideId "919152"]
[BlackFideId "10801529"]
[WhiteElo "2042"]
[BlackElo "1475"]
[Result "1-0"]
[Round "09"]
[TimeControl "180+2"]
[Date "2023.04.04"]
[WhiteClock "0:01:35"]
[BlackClock "0:01:42"]

1. d4 d5 2. Bg5 Nf6 3. Bxf6 exf6 4. e3 c6 5. c4 dxc4 6. Bxc4 Bf5 7. Nc3 Bb4 8. Ne2 Nd7 9. Bxf7+ Kxf7 10. Qb3+ Be6 11. Qxb4 Re8 12. Qxb7 Rb8 13. Qxa7 Rxb2 14. O-O Kg8 15. Rfb1 Rd2 16. Rb7 Bg4 17. h3 Bf5 18. Ng3 Bg6 19. Rxd7 1-0


[Site "https://www.chess.com"]

[Event "Titled Tuesday Blitz April 4 Early 2023"]
[White "Lohani, Sujana"]
[Black "rionelG"]
[WhiteFideId "12311987"]
[WhiteElo "1718"]
[BlackElo "2189"]
[Result "1/2-1/2"]
[Round "09"]
[TimeControl "180+2"]
[Date "2023.04.04"]
[WhiteClock "0:00:12"]
[BlackClock "0:00:17"]

1. d4 Nf6 2. Nf3 g6 3. c4 Bg7 4. g3 O-O 5. Bg2 d6 6. O-O Nc6 7. Nc3 a6 8. e4 Bg4 9. Be3 Nd7 10. d5 Nce5 11. c5 Nxc5 12. Bxc5 dxc5 13. Re1 c6 14. Re3 cxd5 15. exd5 Nxf3+ 16. Bxf3 Bxf3 17. Qxf3 Re8 18. Rd1 b5 19. b3 Qc7 20. Ne4 Rad8 21. Ng5 e6 22. dxe6 Rxd1+ 23. Qxd1 fxe6 24. Nxe6 Qf7 25. Nxg7 Rxe3 26. fxe3 Kxg7 27. Qd6 c4 28. bxc4 bxc4 29. Qxa6 c3 30. Qd3 Qc7 31. Qc2 Qc5 32. Kf2 Qb4 33. Ke2 Qc4+ 34. Kf2 Qb4 35. Ke2 Qc4+ 36. Kf2 Qf7+ 37. Ke2 Qc4+ 1/2-1/2


[Site "https://www.chess.com"]

[Event "Titled Tuesday Blitz April 4 Early 2023"]
[White "Tuleyeva-Aketayeva, Dana"]
[Black "Legenia, Artem"]
[WhiteFideId "13701932"]
[BlackFideId "14136945"]
[WhiteElo "2030"]
[BlackElo "1992"]
[Result "1-0"]
[Round "09"]
[TimeControl "180+2"]
[Date "2023.04.04"]
[WhiteClock "0:00:20"]
[BlackClock "0:01:31"]

1. d4 Nf6 2. Nf3 b6 3. c4 Bb7 4. g3 g6 5. Bg2 Bg7 6. O-O O-O 7. Nc3 Ne4 8. Bd2 d6 9. Rc1 Nxc3 10. Bxc3 Nd7 11. Qc2 e5 12. dxe5 dxe5 13. Rfd1 Qe7 14. b4 Rad8 15. a4 c5 16. b5 Rfe8 17. a5 f6 18. Ne1 Bxg2 19. Nxg2 Nf8 20. Ne3 Ne6 21. Nd5 Qb7 22. a6 Qb8 23. e3 Nc7 24. Nxc7 Qxc7 25. Rxd8 Rxd8 26. Rd1 Rd6 27. Rxd6 Qxd6 28. Qd2 Qxd2 29. Bxd2 e4 30. Bc3 f5 31. Ba5 Be5 32. Bxb6 1-0


[Site "https://www.chess.com"]

[Event "Titled Tuesday Blitz April 4 Early 2023"]
[White "Akhayan, Ruben"]
[Black "Lukovic, Vladimir"]
[WhiteFideId "204439"]
[BlackFideId "942952"]
[WhiteElo "2155"]
[BlackElo "2391"]
[Result "0-1"]
[Round "09"]
[TimeControl "180+2"]
[Date "2023.04.04"]
[WhiteClock "0:00:19"]
[BlackClock "0:00:18"]

1. d4 d5 2. c4 c6 3. Nf3 Nf6 4. e3 g6 5. Nbd2 Bg7 6. Bd3 O-O 7. O-O a6 8. b3 Bg4 9. Bb2 Nbd7 10. h3 Bxf3 11. Nxf3 e6 12. Re1 Re8 13. Qe2 Ne4 14. Bxe4 dxe4 15. Nd2 f5 16. c5 e5 17. Nc4 exd4 18. Bxd4 Bxd4 19. exd4 b5 20. Nd6 Re6 21. a4 Nf6 22. axb5 axb5 23. Rxa8 Qxa8 24. Qb2 Nd5 25. Ra1 Qd8 26. Qa3 f4 27. Qa7 Re7 28. Qa8 Qxa8 29. Rxa8+ Kg7 30. Re8 Rxe8 31. Nxe8+ Kf8 32. Nd6 Nf6 33. d5 Nxd5 34. Nxe4 Ke7 35. Kf1 Ke6 36. Ke2 Ke5 37. Ng5 Kd4 38. Nxh7 Kc3 39. Nf8 Ne7 40. Kf3 Kxb3 41. Kxf4 Kc4 42. Nd7 b4 43. Nb6+ Kxc5 44. Na4+ Kb5 45. Nb2 c5 46. Ke3 c4 47. Kd4 c3 48. Nd3 c2 49. Nc1 Ka4 50. Kc4 Nd5 51. Nd3 Nf4 52. Nc5+ Ka3 53. Nb3 Nxg2 54. Nc1 Nf4 55. h4 Kb2 56. Nd3+ Nxd3 57. Kxd3 c1=Q 0-1


[Site "https://www.chess.com"]

[Event "Titled Tuesday Blitz April 4 Early 2023"]
[White "Odeh, Kenneth"]
[Black "Reefat, Bin-Sattar"]
[WhiteFideId "8500142"]
[BlackFideId "10200207"]
[WhiteElo "2031"]
[BlackElo "2462"]
[Result "0-1"]
[Round "09"]
[TimeControl "180+2"]
[Date "2023.04.04"]
[WhiteClock "0:00:39"]
[BlackClock "0:01:33"]

1. e4 e6 2. d4 d5 3. exd5 exd5 4. Nf3 Bd6 5. Bd3 Nc6 6. c3 Bg4 7. O-O Nge7 8. Bg5 f6 9. Bh4 Qd7 10. Nbd2 h5 11. Bg3 h4 12. Bxd6 Qxd6 13. h3 Bf5 14. Bxf5 Nxf5 15. Re1+ Nce7 16. c4 c6 17. cxd5 cxd5 18. Qa4+ Qd7 19. Qxd7+ Kxd7 20. Rac1 b6 21. Rc3 Rac8 22. Rec1 g5 23. Rxc8 Nxc8 24. Kf1 Ncd6 25. Ke2 Re8+ 26. Kd3 Ne4 27. Rf1 Nxd2 28. Kxd2 Re4 29. Kd3 g4 30. hxg4 Rxg4 31. Rh1 Kd6 32. Rh2 Rf4 33. Rh3 Rg4 34. Rh2 a5 35. Kc3 Re4 36. Kd3 b5 37. b3 b4 38. Rh3 Rg4 39. Rh2 Kc6 40. g3 hxg3 41. fxg3 Rxg3 42. Ke2 Kd6 43. Rh6 Nxh6 0-1


[Site "https://www.chess.com"]

[Event "Titled Tuesday Blitz April 4 Early 2023"]
[White "Brahami, Lamine"]
[Black "Sanchez, Robert"]
[WhiteFideId "7905637"]
[BlackFideId "2034360"]
[WhiteElo "2088"]
[BlackElo "2026"]
[Result "1-0"]
[Round "09"]
[TimeControl "180+2"]
[Date "2023.04.04"]
[WhiteClock "0:01:43"]
[BlackClock "0:02:21"]

1. d4 Nf6 2. Nf3 g6 3. g3 Bg7 4. Bg2 d6 5. O-O O-O 6. c4 Nbd7 7. Nc3 e5 8. d5 h6 9. e4 Ne8 10. Ne1 f5 11. f3 f4 12. Nd3 fxg3 13. hxg3 Ndf6 14. c5 Nh5 15. Kf2 Nef6 16. Ne2 Nxe4+ 1-0


[Site "https://www.chess.com"]

[Event "Titled Tuesday Blitz April 4 Early 2023"]
[White "Andreikin, Dmitry"]
[Black "Hakobyan, Aram"]
[WhiteFideId "4158814"]
[BlackFideId "13306677"]
[WhiteElo "2736"]
[BlackElo "2584"]
[Result "1/2-1/2"]
[Round "10"]
[TimeControl "180+2"]
[Date "2023.04.04"]
[WhiteClock "0:00:06"]
[BlackClock "0:00:02"]

1. d4 Nf6 2. c4 e6 3. Nf3 d5 4. g3 Be7 5. Bg2 O-O 6. O-O dxc4 7. Qc2 b5 8. a4 b4 9. Ne5 Qxd4 10. Bxa8 Qxe5 11. Bf3 Ba6 12. Bf4 Qc5 13. Be3 Qa5 14. Bxa7 Nbd7 15. Be3 Ne5 16. Nd2 Nd5 17. Bd4 Nc6 18. Be3 Ne5 19. Bd4 Nc6 20. Be3 Nxe3 21. fxe3 Ne5 22. Be4 f5 23. Bg2 Bg5 24. Nf3 Bxe3+ 25. Kh1 Ng4 26. Qd1 Nf2+ 27. Rxf2 Bxf2 28. Qd7 Bc8 29. Qc6 c3 30. bxc3 bxc3 31. Rc1 Rd8 32. Rxc3 Rd1+ 33. Bf1 Bd7 34. Qxc7 Qxc7 35. Rxc7 Bb6 36. Rb7 Rxf1+ 37. Kg2 Rf2+ 38. Kh3 Rxe2 39. Rxd7 h6 40. Rd6 Bc5 41. Rc6 Bf2 42. a5 g5 43. g4 Ra2 44. Rxe6 fxg4+ 45. Kxg4 Rxa5 46. Rxh6 Kg7 47. Rc6 Be3 48. h3 Bf4 49. h4 gxh4 50. Kxf4 h3 51. Kg3 h2 52. Nxh2 Rg5+ 53. Ng4 Rg6 54. Rc7+ Kf8 55. Kf4 Ra6 56. Ne5 Ke8 57. Kf5 Kd8 58. Rh7 Kc8 59. Ke4 Rd6 60. Nc4 Rd1 61. Ke5 Kb8 62. Nd6 Re1+ 63. Kd5 Rd1+ 64. Kc6 Rc1+ 65. Kb6 Rb1+ 66. Kc5 Rc1+ 67. Kd5 Rd1+ 68. Ke6 Re1+ 69. Kd7 Rc1 70. Rh2 Rc7+ 71. Kd8 Rc6 72. Rb2+ Ka7 73. Kd7 Rc1 74. Ne4 Ka6 75. Kd6 Ka5 76. Kd5 Rd1+ 77. Kc4 Rc1+ 78. Nc3 Ka6 79. Kd4 Ka7 80. Rb3 Ka8 81. Kc5 Ka7 82. Kc6 Rh1 83. Ne4 Rh6+ 84. Nd6 Ka8 85. Kc7 Rh7+ 86. Kb6 Rh6 87. Rd3 Rg6 88. Kc6 Rh6 89. Rf3 Ka7 90. Rf8 Rg6 91. Rh8 Rf6 92. Kc7 Rg6 93. Rh1 Rg7+ 94. Kc6 Kb8 95. Ra1 Rc7+ 96. Kb6 Rd7 97. Rd1 Rc7 98. Nb5 Rb7+ 99. Kc6 Ka8 100. Rd8+ Rb8 101. Rd4 Rc8+ 102. Nc7+ 1/2-1/2


[Site "https://www.chess.com"]

[Event "Titled Tuesday Blitz April 4 Early 2023"]
[White "Korobov, Anton"]
[Black "Firouzja, Alireza"]
[WhiteFideId "14105730"]
[BlackFideId "12573981"]
[WhiteElo "2638"]
[BlackElo "2904"]
[Result "1-0"]
[Round "10"]
[TimeControl "180+2"]
[Date "2023.04.04"]
[WhiteClock "0:00:39"]
[BlackClock "0:00:02"]

1. d4 d5 2. c4 c6 3. Nc3 Nf6 4. cxd5 cxd5 5. Bg5 Nc6 6. Bxf6 gxf6 7. e3 e6 8. Bd3 a6 9. Rc1 Bd7 10. f4 Bd6 11. Nf3 Qa5 12. O-O Ne7 13. Rf2 Rc8 14. Rfc2 Rc6 15. a3 h6 16. Nd2 f5 17. Nb3 Qb6 18. Nc5 Rxc5 19. dxc5 Qxc5 20. Qd2 d4 21. Ne4 Qb6 22. Nf6+ Kd8 23. e4 fxe4 24. Nxe4 Nd5 25. Nxd6 Qxd6 26. Be4 Nxf4 27. Bxb7 Ke7 28. Rc7 d3 29. Bf3 Rg8 30. Kh1 Rg5 31. R1c6 Qe5 32. Qb4+ Kf6 33. Rxd7 Kg7 34. Rc8 Kh7 35. Rxf7+ 1-0


[Site "https://www.chess.com"]

[Event "Titled Tuesday Blitz April 4 Early 2023"]
[White "Durarbayli, Vasif"]
[Black "Svane, Rasmus"]
[WhiteFideId "13402935"]
[BlackFideId "4657101"]
[WhiteElo "2551"]
[BlackElo "2597"]
[Result "1/2-1/2"]
[Round "10"]
[TimeControl "180+2"]
[Date "2023.04.04"]
[WhiteClock "0:00:04"]
[BlackClock "0:00:29"]

1. e4 c6 2. d4 d5 3. e5 Bf5 4. Nf3 e6 5. Be2 Ne7 6. Nbd2 Nd7 7. Nb3 Ng6 8. h4 h5 9. Be3 Be7 10. g3 f6 11. exf6 Bxf6 12. Ng5 Qe7 13. Bxh5 O-O-O 14. Qe2 e5 15. O-O-O exd4 16. Nxd4 Bxd4 17. Bxd4 Nf6 18. Qxe7 Nxe7 19. Bf3 Rhf8 20. Bxa7 Bg4 21. Bc5 Bxf3 22. Nxf3 Rde8 23. Ng5 Nd7 24. Bxe7 Rxe7 25. f4 Rfe8 26. h5 Nf6 27. h6 gxh6 28. Rxh6 Ng4 29. Rh4 Nf2 30. Rf1 Re2 31. Nf3 Ne4 32. g4 Rg2 33. Rg1 Rf2 34. Ne5 Rxf4 35. Nd3 Rf6 36. g5 Rg6 37. Rhg4 Reg8 38. Ne5 Rxg5 39. Rxg5 Rxg5 40. Rxg5 Nxg5 41. b3 Kc7 42. Nd3 Kd6 43. a4 Ne4 44. Kb2 c5 45. Nf4 b6 46. c3 Nf2 47. Kc2 Ng4 48. Ne2 Ke5 49. b4 Ne3+ 50. Kb3 Nc4 51. a5 Kd6 52. axb6 Nxb6 53. bxc5+ Kxc5 54. Nf4 Nc4 55. Nxd5 Kxd5 56. Kc2 Ne3+ 57. Kd2 Nf5 58. c4+ Kxc4 1/2-1/2


[Site "https://www.chess.com"]

[Event "Titled Tuesday Blitz April 4 Early 2023"]
[White "Duda, Jan-Krzysztof"]
[Black "Salemgareev, Tagir"]
[WhiteFideId "1170546"]
[BlackFideId "24199052"]
[WhiteElo "2790"]
[BlackElo "2360"]
[Result "1-0"]
[Round "10"]
[TimeControl "180+2"]
[Date "2023.04.04"]
[WhiteClock "0:00:25"]
[BlackClock "0:00:01"]

1. e4 c5 2. Nf3 d6 3. d4 cxd4 4. Nxd4 Nf6 5. Nc3 a6 6. f3 e5 7. Nb3 Be6 8. Be3 Nbd7 9. g4 h6 10. Qd2 Rc8 11. O-O-O Be7 12. h4 b5 13. Kb1 Qc7 14. a3 Nb6 15. Qf2 Nc4 16. Bxc4 Bxc4 17. g5 Nh5 18. gxh6 g6 19. Na5 Be6 20. Bb6 Qb8 21. Nd5 Bxd5 22. exd5 O-O 23. Nc6 Qb7 24. Be3 Kh7 25. f4 exf4 26. Bxf4 Qd7 27. Bg5 Bxg5 28. hxg5 f6 29. gxf6 Rxf6 30. Qd4 Rf5 31. Rde1 Rf7 32. Ka1 Ng3 33. Rhg1 Nf5 34. Qg4 Rg8 35. Re6 Nxh6 36. Qe4 Qb7 37. Rexg6 1-0


[Site "https://www.chess.com"]

[Event "Titled Tuesday Blitz April 4 Early 2023"]
[White "Naroditsky, Daniel"]
[Black "Zhigalko, Sergei"]
[WhiteFideId "2026961"]
[BlackFideId "13502956"]
[WhiteElo "2633"]
[BlackElo "2626"]
[Result "0-1"]
[Round "10"]
[TimeControl "180+2"]
[Date "2023.04.04"]
[WhiteClock "0:00:02"]
[BlackClock "0:00:02"]

1. d4 Nf6 2. Nc3 d5 3. Bf4 a6 4. e3 b5 5. a3 Bb7 6. Nf3 e6 7. b4 Nbd7 8. Bd3 Ne4 9. Bxe4 dxe4 10. Ne5 Nf6 11. Bg5 Be7 12. O-O O-O 13. Ne2 Ne8 14. Bxe7 Qxe7 15. h3 Nd6 16. Nf4 f6 17. Ng4 Nc4 18. c3 e5 19. Ne2 Rad8 20. a4 f5 21. Nh2 f4 22. axb5 axb5 23. Ra7 Bc8 24. Qc1 f3 25. Ng3 fxg2 26. Kxg2 Qh4 27. Rxc7 Bxh3+ 28. Kg1 Bxf1 29. Nhxf1 Ra8 30. Qb1 exd4 31. cxd4 Rae8 32. Qa2 Qg4 33. Nh2 Qe6 34. Qa7 Rf7 35. Rxf7 Qxf7 36. Qc5 Rf8 37. Nxe4 Nd2 38. Qc6 Nxe4 39. Qxe4 Qxf2+ 40. Kh1 Qe1+ 41. Kg2 Qxb4 42. Nf3 Qd6 43. Ne5 Qe6 44. Qb7 h6 45. Qxb5 Qf5 46. Qe2 Kh7 47. Kh2 Qe4 48. Qd2 Qf5 49. Qe2 Rf6 50. Ng4 Rg6 51. Ne5 Rg5 52. Nf3 Rg4 53. Qf2 Qh5+ 0-1


[Site "https://www.chess.com"]

[Event "Titled Tuesday Blitz April 4 Early 2023"]
[White "Zakhartsov, Vladimir"]
[Black "Vidit, Santosh Gujrathi"]
[WhiteFideId "4145097"]
[BlackFideId "5029465"]
[WhiteElo "2497"]
[BlackElo "2651"]
[Result "1-0"]
[Round "10"]
[TimeControl "180+2"]
[Date "2023.04.04"]
[WhiteClock "0:00:08"]
[BlackClock "0:00:02"]

1. e4 c5 2. Nf3 e6 3. g3 Nc6 4. Bg2 Nf6 5. Qe2 e5 6. O-O d6 7. c3 Be7 8. h3 O-O 9. Rd1 Be6 10. d4 cxd4 11. cxd4 exd4 12. Nxd4 Nxd4 13. Rxd4 Qc8 14. Nc3 Bxh3 15. Bg5 Bxg2 16. Kxg2 Qc5 17. Be3 Rfe8 18. Rad1 Qc6 19. Qf3 Rac8 20. Rh1 Qa6 21. g4 Nd7 22. Rd5 Nf8 23. Rdh5 g6 24. Rxh7 Nxh7 25. Rxh7 Kxh7 26. Qxf7+ Kh8 27. Bd4+ 1-0


[Site "https://www.chess.com"]

[Event "Titled Tuesday Blitz April 4 Early 2023"]
[White "Martinez Alcantara, Jose Eduardo"]
[Black "Corrales Jimenez, Fidel"]
[WhiteFideId "3805662"]
[BlackFideId "3506690"]
[WhiteElo "2711"]
[BlackElo "2541"]
[Result "1-0"]
[Round "10"]
[TimeControl "180+2"]
[Date "2023.04.04"]
[WhiteClock "0:01:15"]
[BlackClock "0:00:10"]

1. e4 c5 2. Nf3 d6 3. c3 Nf6 4. h3 Bd7 5. Bd3 e5 6. Bc2 Be7 7. d4 cxd4 8. cxd4 Nc6 9. Nc3 Nxd4 10. Nxd4 exd4 11. Qxd4 Qb6 12. Qxb6 axb6 13. O-O b5 14. Bd3 b4 15. Ne2 d5 16. exd5 Nxd5 17. Be4 Ra5 18. Rd1 Nf6 19. Bxb7 O-O 20. Be3 Be6 21. Nd4 Bxa2 22. Nc6 Rb5 23. Nxe7+ Kh8 24. Bc6 Ra5 25. Bf3 b3 26. Rac1 h6 27. g4 Re5 28. Nf5 Kh7 29. Bd4 Re6 30. Rc6 Rfe8 31. Bxf6 gxf6 32. Rc7 Kg6 33. Kg2 h5 34. Nh4+ Kg5 35. Nf5 hxg4 36. hxg4 Re1 37. Rcc1 R1e5 38. Ng3 R8e7 39. Rh1 Kg6 40. Nf5 Re8 41. Rh6+ Kg5 42. Rh5+ Kg6 43. Nh4+ Kg7 44. Rxe5 Rxe5 45. Nf5+ Kg6 46. Kg3 Re8 47. Kf4 Rh8 48. Be4 Rh2 49. Nh4+ Kg7 50. Kg3 Rxh4 51. Kxh4 Kf8 52. Bf5 Ke7 53. Kg3 1-0


[Site "https://www.chess.com"]

[Event "Titled Tuesday Blitz April 4 Early 2023"]
[White "Bachmann, Axel"]
[Black "Rasulov, Vugar"]
[WhiteFideId "3700488"]
[BlackFideId "13402390"]
[WhiteElo "2605"]
[BlackElo "2509"]
[Result "1-0"]
[Round "10"]
[TimeControl "180+2"]
[Date "2023.04.04"]
[WhiteClock "0:00:10"]
[BlackClock "0:00:06"]

1. Nf3 Nf6 2. c4 b6 3. d4 Bb7 4. a3 g6 5. Nc3 Bg7 6. Qc2 O-O 7. e4 d6 8. Be2 Nc6 9. d5 Ne5 10. Nxe5 dxe5 11. Be3 c6 12. O-O Rc8 13. Qa4 cxd5 14. cxd5 a6 15. Qb4 Nd7 16. Na4 f5 17. Nxb6 Nxb6 18. Bxb6 Qd7 19. Rfd1 fxe4 20. Be3 Rfd8 21. h3 Bxd5 22. Bxa6 Rb8 23. Rxd5 Qxd5 24. Bc4 Rxb4 25. Bxd5+ Rxd5 26. axb4 Kf7 27. Ra5 Rd1+ 28. Kh2 Rb1 29. Ra2 Ke6 30. b5 Kd5 31. b6 Kc6 32. Ra7 Rxb2 33. Rxe7 Bf8 34. Rxh7 Bb4 35. Rc7+ Kd5 36. Rg7 Be1 37. b7 Kc6 38. Kg3 Bc3 39. Kg4 Bd4 40. g3 Kd5 41. Kg5 Kc4 42. Kxg6 Kd3 43. h4 Bxe3 44. fxe3 Kxe3 45. h5 Rb6+ 46. Kg5 Kf3 47. Rf7+ Kg2 48. Re7 Rb5 49. Kf5 e3 50. Rxe5 Rxe5+ 51. Kxe5 e2 52. b8=Q e1=Q+ 53. Kf5 Qe7 54. Qf4 Qf7+ 55. Kg5 Qg7+ 56. Kh4 Qe7+ 57. Kg4 Qg7+ 58. Kf5 Qf7+ 59. Ke4 Qxh5 60. g4 Qe8+ 61. Qe5 Qa4+ 62. Kf5 Qd7+ 63. Qe6 Qd3+ 64. Qe4+ Qxe4+ 65. Kxe4 Kg3 66. g5 Kg4 67. g6 Kg5 68. g7 Kf6 69. g8=Q 1-0


[Site "https://www.chess.com"]

[Event "Titled Tuesday Blitz April 4 Early 2023"]
[White "Movahed, Sina"]
[Black "Zemlyanskii, Ivan"]
[WhiteFideId "42520835"]
[BlackFideId "24249971"]
[WhiteElo "2225"]
[BlackElo "2419"]
[Result "0-1"]
[Round "10"]
[TimeControl "180+2"]
[Date "2023.04.04"]
[WhiteClock "0:00:03"]
[BlackClock "0:00:05"]

1. Nf3 d5 2. g3 Nf6 3. Bg2 c5 4. O-O e6 5. d4 cxd4 6. Nxd4 e5 7. Nb3 Be6 8. Bg5 Nbd7 9. Nc3 Be7 10. Bxf6 Nxf6 11. Qd2 O-O 12. Rad1 d4 13. Ne4 Nxe4 14. Bxe4 Qc7 15. e3 dxe3 16. Qxe3 a5 17. Bd5 Bxd5 18. Rxd5 Qxc2 19. Rd7 Bf6 20. Nc5 Qxb2 21. a4 b6 22. Ne4 Rfd8 23. Rb7 Rab8 24. Ra7 Qc2 25. Qf3 Qc6 26. Rxf7 Qe6 27. Ra7 Rd4 28. Rc1 Rbd8 29. Rcc7 R4d7 30. Rxd7 Rxd7 31. Ra8+ Bd8 32. Ng5 Qd5 33. Qf5 g6 34. Qe6+ Kf8 35. Qf6+ Kg8 36. Qe6+ Kf8 37. Qf6+ Ke8 38. Qh8+ Ke7 39. Qxh7+ Kd6 40. Qxg6+ Kc5 41. Rc8+ Kb4 42. Qb1+ Kxa4 43. Ne4 Qd1+ 44. Qxd1+ Rxd1+ 45. Kg2 Rd4 46. Nc3+ Kb4 47. h4 a4 48. h5 Bg5 49. Na2+ Kb3 50. Nc3 a3 51. Nb5 a2 52. Nxd4+ exd4 53. Ra8 Kb2 54. f4 Bh6 55. Kf3 a1=Q 56. Rxa1 Kxa1 57. g4 Kb2 58. g5 d3 59. gxh6 d2 60. h7 d1=Q+ 61. Ke3 Qxh5 0-1


[Site "https://www.chess.com"]

[Event "Titled Tuesday Blitz April 4 Early 2023"]
[White "Gokerkan, Cem Kaan"]
[Black "Hovhannisyan, Robert"]
[WhiteFideId "6336760"]
[BlackFideId "13302507"]
[WhiteElo "2365"]
[BlackElo "2570"]
[Result "1-0"]
[Round "10"]
[TimeControl "180+2"]
[Date "2023.04.04"]
[WhiteClock "0:00:04"]
[BlackClock "0:00:03"]

1. e4 e5 2. Nf3 Nc6 3. Bc4 Bc5 4. c3 Nf6 5. d4 exd4 6. b4 Be7 7. e5 Ne4 8. b5 Na5 9. Bd3 Nc5 10. cxd4 Nxd3+ 11. Qxd3 O-O 12. O-O a6 13. a4 d5 14. exd6 cxd6 15. Re1 Bg4 16. Nbd2 Bf6 17. h3 Bh5 18. Ba3 Bg6 19. Qe3 axb5 20. axb5 b6 21. Bb4 Qd7 22. Qf4 Nb7 23. Rxa8 Rxa8 24. Ne4 Bxe4 25. Qxe4 d5 26. Qd3 Nd6 27. Bxd6 Qxd6 28. Rc1 g6 29. g3 Ra3 30. Rc3 Rxc3 31. Qxc3 Qd7 32. Qb3 Qf5 33. Kg2 Qe4 34. Qe3 Kg7 35. g4 h6 36. Qxe4 dxe4 37. Nd2 Bxd4 38. Nxe4 f5 39. gxf5 gxf5 40. Nd6 Kf6 41. Kf3 Bc5 42. Nc4 Kg5 43. Ne5 Kh4 44. Kg2 Kg5 45. Kf3 Kh4 46. Kg2 Kg5 47. Kg3 Bd6 48. f4+ Kf6 49. Nd7+ Ke6 50. Nxb6 Bc5 51. Nc4 Bb4 52. b6 Kd7 53. Ne5+ Kc8 54. Nf7 Bf8 55. Kh4 Kb7 56. Kh5 Kxb6 57. Nxh6 Kc5 58. Nxf5 Kd5 59. Kg5 Ke6 60. h4 Kf7 61. h5 Ba3 62. Kg4 Kf6 63. Ng3 Bb2 64. Ne4+ Kf7 65. Nc5 Ba1 66. Nd3 Ke6 67. Ne5 Kf6 68. Nf3 Ke6 69. Kg5 Kf7 70. Ne5+ Kg7 71. h6+ Kh7 72. Ng4 Bb2 73. Nf6+ Kh8 74. Kg6 Bc1 75. Nd5 1-0


[Site "https://www.chess.com"]

[Event "Titled Tuesday Blitz April 4 Early 2023"]
[White "Bortnyk, Olexandr"]
[Black "Gurel, Ediz"]
[WhiteFideId "14120828"]
[BlackFideId "44507356"]
[WhiteElo "2734"]
[BlackElo "2352"]
[Result "1-0"]
[Round "10"]
[TimeControl "180+2"]
[Date "2023.04.04"]
[WhiteClock "0:00:29"]
[BlackClock "0:00:06"]

1. d4 Nf6 2. Nc3 d5 3. Bf4 c6 4. e3 Bf5 5. Nf3 h6 6. Ne5 e6 7. g4 Bh7 8. h4 Ne4 9. Nxe4 Bxe4 10. f3 Bh7 11. Bd3 Bxd3 12. Qxd3 Nd7 13. O-O-O Be7 14. g5 Qa5 15. a3 Nxe5 16. Bxe5 hxg5 17. hxg5 Rxh1 18. Rxh1 O-O-O 19. Bf4 c5 20. dxc5 Qxc5 21. Rh7 Rg8 22. Kb1 a6 23. g6 f6 24. e4 e5 25. Be3 d4 26. Bd2 Qb5 27. f4 Qxd3 28. cxd3 exf4 29. Bxf4 Kd7 30. Rh5 Ke6 31. Kc2 Rc8+ 32. Kd2 b5 33. Bg3 b4 34. axb4 Bxb4+ 35. Kd1 Rd8 36. Bf2 Rd7 37. Kc2 Be7 38. Ra5 Rc7+ 39. Kb3 Rb7+ 40. Ka2 Rb6 41. Bxd4 Rd6 42. Bc3 Rxd3 43. Rxa6+ Kd7 44. e5 fxe5 45. Bxe5 Bf6 46. Bxf6 gxf6 47. g7 Rg3 48. Ra8 1-0


[Site "https://www.chess.com"]

[Event "Titled Tuesday Blitz April 4 Early 2023"]
[White "Rakhmatullaev, Almas"]
[Black "Flores, Diego"]
[WhiteFideId "14205793"]
[BlackFideId "108049"]
[WhiteElo "2221"]
[BlackElo "2613"]
[Result "1-0"]
[Round "10"]
[TimeControl "180+2"]
[Date "2023.04.04"]
[WhiteClock "0:00:54"]
[BlackClock "0:00:03"]

1. e4 c5 2. c3 Nf6 3. e5 Nd5 4. d4 cxd4 5. Qxd4 e6 6. Nf3 Nc6 7. Qe4 f5 8. Qe2 Qc7 9. g3 b5 10. Bg2 a5 11. O-O Ba6 12. Nh4 Nde7 13. Rd1 b4 14. Qe1 Rc8 15. Bf4 Ng6 16. Nxg6 hxg6 17. Nd2 bxc3 18. bxc3 g5 19. Bxg5 Nxe5 20. Nb3 Nc4 21. Bf4 Qa7 22. Nd4 Be7 23. Nxe6 dxe6 24. Qxe6 Qb6 25. Qd7+ Kf8 26. Rab1 Qf6 27. h4 Rd8 28. Qa7 Kf7 29. Bg5 Qe6 30. Re1 Rd7 31. Rxe6 Rxa7 32. Bd5 Bxg5 33. Rxa6+ Ke7 34. Rxa7+ 1-0


[Site "https://www.chess.com"]

[Event "Titled Tuesday Blitz April 4 Early 2023"]
[White "Yanchenko, Roman"]
[Black "Indjic, Aleksandar"]
[WhiteFideId "4137329"]
[BlackFideId "911925"]
[WhiteElo "2491"]
[BlackElo "2614"]
[Result "0-1"]
[Round "10"]
[TimeControl "180+2"]
[Date "2023.04.04"]
[WhiteClock "0:00:03"]
[BlackClock "0:01:24"]

1. d4 Nf6 2. Nf3 e6 3. c4 c5 4. Nc3 cxd4 5. Nxd4 Nc6 6. e3 Bb4 7. Bd2 O-O 8. Be2 d5 9. Nxc6 bxc6 10. a3 Bd6 11. O-O e5 12. cxd5 cxd5 13. Rc1 a6 14. Na4 Rb8 15. b4 Ne4 16. Nc5 Nxc5 17. bxc5 Bc7 18. Bc3 Re8 19. Qa4 Re6 20. Rb1 Ra8 21. Rfd1 Bd7 22. Qb3 Bc6 23. Bc4 Rb8 24. Qa2 Rxb1 25. Qxb1 Qa8 26. Bf1 Rg6 27. g3 Qc8 28. Bg2 e4 29. Qb4 h5 30. Rb1 h4 31. Qd4 Kh7 32. Qd1 Qf5 33. Qf1 Bd7 34. Bd4 h3 35. Bh1 Be5 36. f3 Bxd4 37. exd4 exf3 38. Bxf3 Rf6 39. Rb3 Bb5 40. Qd1 Ba4 41. Qe2 Bxb3 42. Qf1 0-1


[Site "https://www.chess.com"]